 Dungeon Sprint DCSS version 0.17-a0-671-g4330659 (webtiles) character file.

947 sugabear the Blocker (level 8, 0/56 HPs)
             Began as a Gargoyle Fighter on Apr 18, 2015.
             Was an Elder of Makhleb.
             Splashed by a brown ugly thing's acid (10 damage)
             ... in the Dungeon (Sprint IX: "|||||||||||||||||||||||||||||").
             The game lasted 00:01:22 (608 turns).

sugabear the Blocker (Gargoyle Fighter)              Turns: 608, Time: 00:01:22

Health: 0/56       AC: 13    Str: 22    XL:     8   Next: 13%
Magic:  8/8        EV: 12    Int:  8    God:    Makhleb [****..]
Gold:   0          SH: 12    Dex: 10    Spells: 0 memorised, 7 levels left

rFire  . . .     SeeInvis .     p - +2 morningstar (crush)
rCold  . . .     Clarity  .     r - +1 scale mail
rNeg   + . .     SustAb   .     c - +0 shield
rPois  ∞         Gourm    .     (no helmet)
rElec  +         Spirit   .     (no cloak)
rCorr  .         Warding  .     (no gloves)
rMut   .         NoTele   +     q - +0 pair of boots
MR     .....                    (no amulet)
Stlth  ..........               t - +2 ring of evasion
                                s - +2 ring of protection

@: corroded equipment, not resistant to hostile enchantments, extremely
unstealthy
A: negative energy resistance 1, electricity resistance, unbreathing,
petrification resistance, rot immunity, AC +5
a: Minor Destruction, Lesser Servant of Makhleb, Major Destruction, Renounce
Religion


You were in the Dungeon.
You worshipped Makhleb.
Makhleb was greatly pleased with you.
You were not hungry.

You visited 1 branch

Inventory:

Hand weapons
 a - a +0 flail
 p - a +2 morningstar of crushing (weapon)
Armour
 b - a +0 scale mail
 c - a +0 shield (worn)
 q - a +0 pair of boots (worn)
 r - a +1 scale mail (worn)
Jewellery
 s - a +2 ring of protection (left hand)
 t - a +2 ring of evasion (right hand)
Magical devices
 o - a wand of draining (7)
Scrolls
 k - 2 scrolls of blinking
 m - 3 scrolls of remove curse
 n - 2 scrolls of amnesia
Potions
 e - a potion of might
 f - 5 potions of curing
 g - 3 potions of heal wounds
 h - a potion of haste
 i - 4 potions of magic
 j - a potion of berserk rage
 l - a potion of invisibility
Comestibles
 d - a bread ration


   Skills:
 + Level 9.3 Fighting
 + Level 7.9 Maces & Flails
 + Level 9.8 Armour
 + Level 4.5 Dodging
 + Level 10.1 Shields


You had 7 spell levels left.
You didn't know any spells.

Dungeon Overview and Level Annotations

Branches:
Dungeon (1/1)

Altars:
Cheibriados
Dithmenos
Elyvilon
Fedhas
Gozag
Kikubaaqudgha
Makhleb
Nemelex Xobeh
Okawaru
Qazlal
Ru
Sif Muna
Trog
Vehumet
Xom
Yredelemnul
Zin
The Shining One
Beogh
Jiyva
Lugonu


Innate Abilities, Weirdness & Mutations

You are resistant to torment.
Your stone body is resilient (AC +5).
You are immune to poison.
You resist negative energy.
You are resistant to electric shocks.
You can survive without breathing.
You are immune to petrification.
You are immune to rotting.


Message History

You hit the brown ugly thing.
The brown ugly thing is lightly wounded.
The brown ugly thing pecks you but does no damage.
Your scale mail prevents you from hitting the brown ugly thing.
The brown ugly thing is lightly wounded.
The brown ugly thing pecks you but does no damage.
The brown ugly thing pecks you!
You are splashed with acid!
The acid burns!
* * * LOW HITPOINT WARNING * * *
You hit the brown ugly thing.
The brown ugly thing is moderately wounded.
You block the brown ugly thing's attack.
You hit the brown ugly thing.
The brown ugly thing is moderately wounded.
The brown ugly thing pecks you but does no damage.
You closely miss the brown ugly thing.
The brown ugly thing is moderately wounded.
The brown ugly thing pecks you.
* * * LOW HITPOINT WARNING * * *
You are splashed with acid!
The acid corrodes your equipment!
The acid burns!
You die...

▓)▓
▓)▓
▓.▓
▓.▓
▓.▓
▓.▓
▓[▓
▓u▓
▓@▓
▓.▓
▓.▓
▓'▓
▓_▓
▓_▓
▓_▓
▓_▓
▓_▓


You could see a brown ugly thing.

Vanquished Creatures
  An unseen horror (D)
  3 ogres (D)
  An eye of draining (D)
  A scorpion (D)
  An orc wizard (D)
  A hound (D)
  An iguana (D)
  2 adders (D)
  A bat (D)
  A giant cockroach (D)
  2 goblins (D)
  2 hobgoblins (D)
  A kobold (D)
  A jackal (D)
  2 rats (D)
21 creatures vanquished.

Notes
Turn   | Place    | Note
--------------------------------------------------------------
     0 | D        | sugabear, the Gargoyle Fighter, began the quest for the Orb.
     0 | D        | Reached XP level 1. HP: 14/14 MP: 1/1
    15 | D        | Reached skill level 4 in Shields
    70 | D        | Noticed a scorpion
    73 | D        | Reached XP level 2. HP: 20/20 MP: 2/2
    96 | D        | Killed a scorpion
    96 | D        | Reached skill level 5 in Fighting
    96 | D        | Reached skill level 5 in Armour
    96 | D        | Reached skill level 1 in Dodging
    96 | D        | Reached skill level 6 in Shields
    96 | D        | Reached XP level 3. HP: 18/26 MP: 3/3
    96 | D        | Reached XP level 4. HP: 21/31 MP: 4/4
   315 | D        | Found a glowing silver altar of Zin.
   315 | D        | Found a glowing golden altar of the Shining One.
   315 | D        | Found an ancient bone altar of Kikubaaqudgha.
   315 | D        | Found a basalt altar of Yredelemnul.
   315 | D        | Found a shimmering altar of Xom.
   315 | D        | Found a radiant altar of Vehumet.
   315 | D        | Found an iron altar of Okawaru.
   316 | D        | Found a burning altar of Makhleb.
   317 | D        | Found a deep blue altar of Sif Muna.
   318 | D        | Found a bloodstained altar of Trog.
   319 | D        | Found a sparkling altar of Nemelex Xobeh.
   320 | D        | Found a white marble altar of Elyvilon.
   321 | D        | Found a roughly hewn altar of Beogh.
   322 | D        | Found a viscous altar of Jiyva.
   323 | D        | Found a corrupted altar of Lugonu.
   324 | D        | Found a blossoming altar of Fedhas.
   325 | D        | Found a snail-covered altar of Cheibriados.
   326 | D        | Found a shadowy altar of Dithmenos.
   327 | D        | Found a stormy altar of Qazlal.
   328 | D        | Found an opulent altar of Gozag.
   329 | D        | Found a sacrificial altar of Ru.
   406 | D        | Became a worshipper of Makhleb the Destroyer
   430 | D        | Noticed an ogre
   430 | D        | Noticed an eye of draining
   430 | D        | Noticed an iguana
   438 | D        | Acquired Makhleb's first power
   441 | D        | Killed an iguana
   446 | D        | Killed an eye of draining
   446 | D        | Reached skill level 7 in Shields
   446 | D        | Reached XP level 5. HP: 37/37 MP: 0/5
   449 | D        | Acquired Makhleb's second power
   453 | D        | Killed an ogre
   453 | D        | Reached skill level 5 in Maces & Flails
   453 | D        | Reached skill level 8 in Shields
   453 | D        | Reached XP level 6. HP: 31/44 MP: 1/6
   550 | D        | Noticed a brown ugly thing
   550 | D        | Noticed a hound
   550 | D        | Noticed an ogre
   550 | D        | Noticed an orc wizard
   550 | D        | Noticed an ogre
   552 | D        | Killed an ogre
   558 | D        | Killed an orc wizard
   558 | D        | Acquired Makhleb's third power
   558 | D        | Reached skill level 9 in Shields
   563 | D        | Killed an ogre
   563 | D        | Reached XP level 7. HP: 44/49 MP: 7/7
   567 | D        | Killed a hound
   593 | D        | Killed an unseen horror
   593 | D        | Acquired Makhleb's fourth power
   593 | D        | Reached skill level 10 in Shields
   593 | D        | Reached XP level 8. HP: 29/56 MP: 8/8
   608 | D        | Splashed by a brown ugly thing's acid

Action                   |  1- 3 |  4- 6 |  7- 9 || total
-------------------------+-------+-------+-------++-------
Melee: Flail             |    42 |     6 |       ||    48
       Morningstar       |       |    35 |    32 ||    67
